 Dungeon Crawl Stone Soup version 0.21-a0-440-g28109cb (webtiles) character file.

53 slep the Skirmisher (level 3, -3/29 HPs)
             Began as a Demonspawn Fighter on Nov 11, 2017.
             Slain by a worm (7 damage)
             ... on level 2 of the Dungeon.
             The game lasted 00:03:07 (720 turns).

slep the Skirmisher (Demonspawn Fighter)             Turns: 720, Time: 00:03:08

Health: -3/29      AC:  6    Str: 22    XL:     3   Next: 62%
Magic:  3/3        EV:  7    Int:  9    God:
Gold:   67         SH:  9    Dex: 12    Spells: 2/2 levels left

rFire    . . .     SeeInvis .   a - +0 long sword
rCold    . . .     Gourm    .   c - +0 shield
rNeg     . . .     Faith    .   b - +0 scale mail
rPois    .         Spirit   .   (no helmet)
rElec    .         Reflect  .   (no cloak)
rCorr    .         Harm     .   (no gloves)
MR       .....                  (no boots)
Stlth    ..........             (no amulet)
HPRegen  0.09/turn              (no ring)
MPRegen  0.08/turn              (no ring)

@: mighty
A: claws 1
a: no special abilities


You were on level 2 of the Dungeon.
You were not hungry.

You visited 1 branch of the dungeon, and saw 2 of its levels.

You collected 67 gold pieces.

Inventory:

Hand Weapons
 a - a +0 long sword (weapon)
Armour
 b - a +0 scale mail (worn)
 c - a +0 shield (worn)
Scrolls
 e - 2 scrolls of remove curse {unknown}
 h - a scroll of fog {unknown}
 j - a scroll of identify {unknown}
Potions
 i - a potion of curing {unknown}
Comestibles
 f - 2 bread rations
 g - 2 meat rations
 k - a chunk of flesh


   Skills:
 + Level 3.4 Fighting
 + Level 2.5 Long Blades
 + Level 3.0 Armour
 + Level 0.1 Dodging
 + Level 3.1 Shields


You had 2 spell levels left.
You didn't know any spells.

Dungeon Overview and Level Annotations

Branches:
Dungeon (2/15)

Altars:


Innate Abilities, Weirdness & Mutations

You have sharp fingernails.


Message History

You slash the hobgoblin!
You kill the hobgoblin!
You slash the worm!
The worm is heavily wounded.
You block the gnoll's attack. The worm barely misses you.
Your shield prevents you from hitting the worm.
The worm is heavily wounded.
You block the gnoll's attack.
The gnoll hits you from afar with a spear!
* * * LOW HITPOINT WARNING * * *
Your shield and scale mail prevent you from hitting the worm.
The worm is heavily wounded.
The worm bites you.
* * * LOW HITPOINT WARNING * * *
You block the gnoll's attack.
Unknown command.
You slash the worm!
The worm is almost dead.
The gnoll hits you but does no damage. The worm bites you!
You die...

..... ##...... .. #......
... .....# ####..#
###...### .......
#.......# .......
#.......# .......
##<.....g####.......
....w.........w@).....#
..............#######....
......#.....<.# #
......#.......#
........####### ....<...#
..... ..#


You could see a worm and a gnoll.

Vanquished Creatures
  3 gnolls
  A leopard gecko (D:1)
  2 giant cockroaches
  4 goblins
  3 hobgoblins
  4 bats (D:1)
  2 frilled lizards (D:1)
  A kobold (D:1)
  4 rats (D:1)
24 creatures vanquished.

Notes
Turn   | Place    | Note
-------+----------+-------------------------------------------
     0 | D:1      | slep the Demonspawn Fighter began the quest for the Orb.
     0 | D:1      | Reached XP level 1. HP: 18/18 MP: 1/1
   181 | D:1      | Gained mutation: You have sharp fingernails. [demonic ancestry]
   181 | D:1      | Reached XP level 2. HP: 24/24 MP: 2/2
   659 | D:1      | Reached XP level 3. HP: 16/29 MP: 3/3
   720 | D:2      | Slain by a worm

Vault maps used:
D:1:      dpeg_arrival_renting
D:2:      nicolae_dithmenos_through_a_glass_darkly, uniq_natasha

Skill      XL: |  1  2 |
---------------+-------+-----
Long Blades    | 2 |  2.5
Armour         | 3 |  3.0
Shields        | 3 |  3.1
Fighting       | |  3.4
Dodging        | |  0.1

Action                   || total
-------------------------++-------
Melee: Long sword        ||    99
  Use: Potion            ||     1
Armor: Scale mail        ||    46
Dodge: Dodged            ||    27
Block: Shield            ||    61
       Rpst.: Long sword ||     6

Table legend:
 A = Spawn XP
 B = Non-spawn XP
 C = Spawn XP percentage of total XP
 D = Spawn monster count
 E = Non-spawn monster count
 F = Spawn count percentage of total count
 G = Total turns spent on level
                    A         B        C        D         E        F      G
               +---------+---------+-------+---------+---------+-------+---------
         Total |       0 |      76 |   0.0 |       0 |      24 |   0.0 |   720
               +---------+---------+-------+---------+---------+-------+---------
           D:1 |       0 |      42 |   0.0 |       0 |      19 |   0.0 |   689
           D:2 |       0 |      34 |   0.0 |       0 |       5 |   0.0 |    31
               +---------+---------+-------+---------+---------+-------+---------
